 Dungeon Crawl Stone Soup version 0.21.1-1-g345015f (webtiles) character file.

126 inc the Chiller (level 5, -4/31 HPs)
             Began as an Octopode Ice Elementalist on June 13, 2018.
             Was an Initiate of Okawaru.
             Killed from afar by Duvessa (7 damage)
             ... with a wand of flame (34)
             ... on level 4 of the Dungeon.
             The game lasted 00:04:13 (2816 turns).

inc the Chiller (Octopode Ice Elementalist)         Turns: 2816, Time: 00:04:13

Health: -4/31      AC:  6    Str:  7    XL:     5   Next: 10%
Magic:  5/8        EV: 13    Int: 18    God:    Okawaru [......]
Gold:   154        SH:  0    Dex: 13    Spells: 4/8 levels left

rFire    . . .     SeeInvis .     - Unarmed
rCold    . . .     Gourm    .   (no shield)
rNeg     . . .     Faith    .   (helmet restricted)
rPois    .         Spirit   .   (no amulet)
rElec    .         Reflect  .   (no ring)
rCorr    .         Harm     .   (no ring)
MR       .....                  (no ring)
Stlth    +++.......             (no ring)
HPRegen  0.10/turn              (no ring)
MPRegen  0.11/turn              (no ring)
                                (no ring)
                                (no ring)

@: icy armour, about to teleport, slow
A: almost no armour, stealthy swim, amphibious, 8 rings, constrict 8, camouflage
1, gelatinous body 1
a: Renounce Religion


You were on level 4 of the Dungeon.
You worshipped Okawaru.
Okawaru was noncommittal.
You were hungry.

You visited 1 branch of the dungeon, and saw 4 of its levels.

You collected 154 gold pieces.

Inventory:

Jewellery
 d - an uncursed ring of flight {unknown}
 f - an uncursed ring of teleportation
Wands
 c - a wand of polymorph (16)
 m - a wand of iceblast (6)
Scrolls
 e - 2 scrolls of amnesia {unknown}
 h - a scroll of remove curse
 i - a scroll of magic mapping {unknown}
 k - 2 scrolls of teleportation
 o - a scroll of identify
Potions
 g - a potion of agility
 j - a potion of resistance
 l - a potion of mutation
Books
 a - a book of Frost

   Spells                             Type                      Level
   a - Freeze                         Ice                          1
   b - Throw Frost                    Conjuration/Ice              2
   c - Ozocubu's Armour               Charms/Ice                   3
   d - Throw Icicle                   Conjuration/Ice              4
   e - Summon Ice Beast               Ice/Summoning                4
Comestibles
 b - 4 rations


   Skills:
 - Level 2.0 Dodging
 - Level 2.6 Stealth
 - Level 3.1 Unarmed Combat
 - Level 2.0 Spellcasting
   Level 1.0 Conjurations
 + Level 2.5 Charms
 + Level 3.5 Ice Magic


You had 4 spell levels left.
You knew the following spells:

 Your Spells              Type           Power        Failure   Level  Hunger
a - Freeze                Ice            ##..         4%          1    #......
b - Ozocubu's Armour      Chrm/Ice       ##......     16%         3    ###....


Dungeon Overview and Level Annotations

Branches:
Dungeon (4/15)
 Temple: D:4-7

Altars:
Okawaru

Annotations:
D:3 CitizenNev's ghost, weakling CeFi
D:4 Dowan; Duvessa


Innate Abilities, Weirdness & Mutations

You cannot wear most types of armour.
You are very stealthy in the water. (Stealth+)
You are amphibious.
You can wear up to eight rings at the same time.
You can use your tentacles to constrict eight enemies at once.
Your skin changes colour to match your surroundings (Stealth+).
Your rubbery body absorbs attacks. (AC +1, EV +1)


Message History

Dowan blinks!
The phantom hits you. The phantom hits you!
Dowan casts a spell at Duvessa.
Duvessa seems to speed up.
Casting: Ozocubu's Armour
Confirm with . or Enter, or press ? or * to list all spells.
A film of ice covers your body! The phantom hits you.
Unknown command.
The phantom hits you.
* * * LOW HITPOINT WARNING * * *
Unknown command.
Okay, then.
As you read the scroll labeled FAYC VONEIRCHE, it crumbles to dust.
You feel strangely unstable.
It was a scroll of teleportation.
The quokka misses you. The phantom hits you.
* * * LOW HITPOINT WARNING * * *
The phantom blinks!
Duvessa zaps a wand.
The puff of flame hits you!
You die...

........### ........# ........#
........# ##+#######.......#
###### #....+...#.......# .....+
+....#...#.......### ....#
#...W##..#.......#.. #...#
#..@.##..#.......#.. ##...##
#...r§e..#.......#.. ......
#######e.#.......'.. .....#
#....##..#.......#..
.....#########..e...e.#.......###
..................##+##..........
###..##...........#....#######...
#..#########....'....#.........
....# ######....#.........


You could see a phantom, Duvessa, Dowan and a quokka.

Vanquished Creatures
  A worker ant (D:4)
  5 adders
  An ooze (D:1)
  A worm (D:2)
  A dart slug (D:2)
  2 leopard geckos (D:1)
  2 ball pythons
  8 goblins
  4 hobgoblins
  4 jackals (D:3)
  5 kobolds
  2 quokkas
  3 bats
  3 frilled lizards
  10 rats
52 creatures vanquished.

Notes
Turn   | Place    | Note
-------+----------+-------------------------------------------
     0 | D:1      | inc the Octopode Ice Elementalist began the quest for the Orb.
     0 | D:1      | Reached XP level 1. HP: 11/11 MP: 3/3
    32 | D:1      | Reached skill level 1 in Unarmed Combat
   180 | D:1      | Reached XP level 2. HP: 12/17 MP: 5/5
  1076 | D:1      | Reached XP level 3. HP: 19/21 MP: 6/6
  1517 | D:2      | Found an iron altar of Okawaru.
  1523 | D:2      | Became a worshipper of Warmaster Okawaru
  1541 | D:2      | Learned a level 3 spell: Ozocubu's Armour
  1962 | D:3      | Reached skill level 1 in Charms
  1978 | D:3      | Reached XP level 4. HP: 15/27 MP: 7/7
  2343 | D:3      | Noticed CitizenNev's ghost (weakling CeFi)
  2660 | D:4      | Reached XP level 5. HP: 23/31 MP: 5/8
  2763 | D:4      | Noticed a phantom
  2791 | D:4      | Noticed Duvessa
  2791 | D:4      | Noticed Dowan
  2816 | D:4      | Killed from afar by Duvessa

Skill      XL: |  1  2  3  4 |
---------------+-------------+-----
Unarmed Combat | 1 2 3 |  3.1
Charms         | 1 2 |  2.5
Dodging        | |  2.0
Stealth        | |  2.6
Spellcasting   | |  2.0
Conjurations   | |  1.0
Ice Magic      | |  3.5

Action                   |  1- 3 |  4- 6 || total
-------------------------+-------+-------++-------
Melee: Unarmed           |   105 |    46 ||   151
       Constrict         |    24 |     9 ||    33
       Tentacles         |    14 |     6 ||    20
       Punch             |       |     1 ||     1
 Cast: Freeze            |     3 |     4 ||     7
       Ozocubu's Armour  |       |     5 ||     5
  Use: Scroll            |     7 |     1 ||     8
       Potion            |       |     2 ||     2
 Stab: Sleeping          |     8 |     4 ||    12
       Distracted        |     1 |       ||     1
  Eat: Chunk             |     3 |     3 ||     6
Armor: Skin              |    10 |     4 ||    14
Dodge: Dodged            |    65 |    33 ||    98
